 Dungeon Crawl Stone Soup version 0.30-a0-585-g93115170b9 (webtiles) character file.

Game seed: 8273908699820419737

406542 quinnr the Cloud Mage (level 23, -3/144 HPs)
             Began as a Tengu Air Elementalist on Jan 1, 2023.
             Was the Champion of Vehumet.
             Slain by a juggernaut (52 damage)
             ... on level 4 of the Depths.
             The game lasted 04:46:56 (83479 turns).

quinnr the Cloud Mage (Tengu Air Elementalist)     Turns: 83479, Time: 04:46:57

Health: -3/144     AC: 10    Str: 12    XL:     23   Next: 41%
Magic:  4/53       EV: 33    Int: 25    God:    Vehumet [******]
Gold:   2195       SH:  8    Dex: 20    Spells: 6/55 levels left

rFire   + . .      SeeInvis +    S - staff of air {!a}
rCold   . . .      Faith    .    x - +3 warlock's mirror {reflect}
rNeg    . . .      Spirit   .    F - +2 robe {Archmagi}
rPois   .          Reflect  +    U - +2 hat
rElec   +          Harm     .    d - +0 cloak of Misanthropy {rF+ rCorr Dex+4}
rCorr   +          Rampage  .    l - +2 pair of gloves {Str+3}
Will    +....      Archmagi +    (boots unavailable)
Stlth   ++++                     a - amulet of the acrobat
HPRegen 0.44/turn                M - ring of magical power
MPRegen 0.33/turn                v - ring of see invisible

@: flying quickly and evasively, studying Poison Magic, quick
A: beak, talons 3, nimble flight
}: 2/15 runes: barnacled, gossamer
a: Renounce Religion


You were on level 4 of the Depths.
You worshipped Vehumet.
Vehumet was exalted by your worship.
You visited 8 branches of the dungeon, and saw 39 of its levels.
You visited 1 bazaar.
You also visited: Ossuary, Gauntlet, Ice Cave, Wizlab and Desolation.

You collected 3774 gold pieces.
You spent 1579 gold pieces at shops.


Innate Abilities, Weirdness & Mutations

You have a beak for a mouth.
You have claws for feet.
Your magical nature lets you fly swiftly and evasively.


   Skills:
 - Level 15.1 Fighting
 - Level 2.0 Short Blades
 - Level 0.9 Staves
 + Level 21.3 Dodging
 - Level 9.0 Stealth
 - Level 3.0 Shields
 + Level 16.9 Spellcasting
 - Level 20.0 Conjurations
 - Level 5.0 Summonings
 - Level 7.0 Ice Magic
 + Level 26.1 Air Magic
 - Level 6.0 Evocations


You had 6 spell levels left.
You knew the following spells:

 Your Spells              Type           Power      Damage    Failure   Level
a - Airstrike             Air            74%        2d(11-27) 0%          4
b - Lightning Bolt        Conj/Air       70%        1d95      0%          5
c - Chain Lightning       Conj/Air       70%        3d94      7%          9
f - Freezing Cloud        Conj/Ice/Air   64%        6-21      1%          5
l - Summon Lightning Spi  Summ/Air       100%       N/A       1%          4
m - Maxwell's Capacitive  Air            74%        ∞         1%          8
t - Static Discharge      Conj/Air       100%       2-7/arc   0%          2
z - Shock                 Conj/Air       100%       1d9       0%          1
X - Conjure Ball Lightni  Conj/Air       70%        3x3d26    1%          6
Y - Arcjolt               Conj/Air       70%        1d80      0%          5

Your spell library contained the following spells:

 Spells                   Type           Power      Damage    Failure   Level
 Fire Storm               Conj/Fire      41%        8d10      100%        9
 Shatter                  Erth           15%        3d15*     100%        9
 Magic Dart               Conj           100%       1d8       0%          1
 Mephitic Cloud           Conj/Pois/Air  100%       N/A       0%          3
 Swiftness                Air            100%       N/A       0%          3
 Kiss of Death            Conj/Necr      100%       2d13      1%          1
 Sandblast                Erth           62%        2d14      1%          1
 Call Imp                 Summ           62%        N/A       1%          2
 Cigotuvi's Dreadful Rot  Necr/Pois/Air  100%       N/A       1%          2
 Momentum Strike          Conj/Tloc      100%       3d10      1%          2
 Dazzling Flash           Conj/Hex       100%       N/A       1%          3
 Frozen Ramparts          Ice            100%       1d16      1%          3
 Kindle Blastsparks       Fire/Tloc/Air  100%       2d18      1%          3
 Stone Arrow              Conj/Erth      100%       3d13      1%          3
 Vhi's Electric Charge    Tloc/Air       100%       N/A       1%          3
 Sticky Flame             Conj/Fire      82%        2d9       1%          4
 Irradiate                Conj/Tmut      41%        3d25      1%          5
 Silence                  Hex/Air        57%        N/A       1%          5
 Ignite Poison            Fire/Tmut/Pois 31%        N/A       2%          3
 Summon Ice Beast         Ice/Summ       67%        N/A       2%          4
 Beastly Appendage        Tmut           62%        N/A       3%          1
 Sting                    Tmut/Pois      100%       1d8       3%          1
 Blink                    Tloc           62%        N/A       4%          2
 Passwall                 Tmut/Erth      25%        N/A       4%          2
 Sublimation of Blood     Necr           31%        N/A       4%          2
 Wereblood                Tmut           31%        N/A       4%          2
 Ice Form                 Ice/Tmut       55%        N/A       8%          4
 Olgreb's Toxic Radiance  Pois           31%        N/A       9%          4
 Confusing Touch          Hex            31%        N/A       10%         3
 Lesser Beckoning         Tloc           62%        N/A       10%         3
 Spider Form              Tmut/Pois      31%        N/A       10%         3
 Metabolic Englaciation   Hex/Ice        27%        N/A       22%         5
 Dispel Undead            Necr           31%        3d14      32%         4
 Petrify                  Tmut/Erth      31%        N/A       32%         4
 Summon Cactus Giant      Summ           31%        N/A       54%         6
 Agony                    Necr           31%        N/A       65%         5
 Alistair's Intoxication  Tmut/Pois      20%        N/A       65%         5
 Blade Hands              Tmut           15%        N/A       65%         5
 Borgnjor's Vile Clutch   Necr/Erth      15%        N/A       65%         5
 Eringya's Noxious Bog    Tmut/Pois      15%        N/A       73%         6
 Simulacrum               Ice/Necr       27%        N/A       75%         6
 Statue Form              Tmut/Erth      20%        N/A       99%         6
 Spellforged Servitor     Conj/Summ      45%        N/A       4%          7
 Storm Form               Tmut/Air       57%        N/A       13%         7
 Lehudib's Crystal Spear  Conj/Erth      41%        10d10     63%         8
 Ignition                 Fire           15%        3d6       100%        8
 Infestation              Necr           15%        N/A       100%        8
 Death's Door             Necr           15%        N/A       100%        9
 Polar Vortex             Ice            35%        N/A       100%        9

Inventory:

Hand Weapons
 A - the +8 dagger "Weyled" {flame, rPois rN+ Int-3 SInv}
   (You found it in the Desolation of Salt)

   It burns those it strikes, dealing additional fire damage.
   Int:       It affects your intelligence (-3).
   rPois:     It protects you from poison.
   rN:        It protects you from negative energy.
   SInv:      It lets you see invisible.
 L - the +9 dagger of Ointment {elec, rN++}
   (You found it on level 7 of the Dungeon)

   It occasionally discharges a powerful burst of electricity upon striking a
   foe.
   rN:        It greatly protects you from negative energy.
 T - the +7 dagger of the Twelve Nightmares {freeze, rPois rN+ Str-5 Dex+3}
   (You found it in a Gauntlet)

   It freezes those it strikes, dealing additional cold damage.
   It can also slow down cold-blooded creatures.
   Str:       It affects your strength (-5).
   Dex:       It affects your dexterity (+3).
   rPois:     It protects you from poison.
   rN:        It protects you from negative energy.
Armour
 d - the +0 cloak of Misanthropy (worn) {rF+ rCorr Dex+4}
   (You found it in a Gauntlet)

   Dex:       It affects your dexterity (+4).
   rF:        It protects you from fire.
   rCorr:     It protects you from acid and corrosion.
 l - a +2 pair of gloves of strength (worn)
 x - the +3 warlock's mirror (worn) {reflect}
   (You took it off a minotaur in a Gauntlet)

   It can block and reflect piercing ranged attacks and magical attacks against
   the wielder's willpower.
 z - +3 steam dragon scales
 F - a +2 robe of the Archmagi (worn)
 U - a +2 hat (worn)
Magical Staves
 Q - a staff of conjuration {!a}
 S - a staff of air (weapon) {!a}
Jewellery
 a - an amulet of the acrobat (around neck)
 c - a ring of protection from cold
 f - a ring of protection from fire
 g - an amulet of faith {!P}
 p - an amulet of regeneration
 v - a ring of see invisible (right hand)
 D - a +6 ring of dexterity
 E - a +5 ring of evasion
 I - a +6 ring of intelligence
 M - a ring of magical power (left hand)
 N - a ring of positive energy
 R - a ring of resist corrosion
Wands
 i - a wand of digging (15)
 t - a wand of mindburst (2)
 y - a wand of roots (33)
 G - a wand of polymorph (7)
 J - a wand of paralysis (12)
 K - a wand of acid (6)
 X - a wand of flame (10)
Scrolls
 e - 5 scrolls of magic mapping
 k - 13 scrolls of teleportation {@r2}
 m - 5 scrolls of poison
 H - a scroll of summoning
 P - 3 scrolls of blinking
 V - 4 scrolls of fog
 W - 2 scrolls of amnesia
 Z - 2 scrolls of fear (quivered)
Potions
 b - 3 potions of magic
 h - 19 potions of curing {@q1}
 j - 3 potions of invisibility
 n - 10 potions of haste {@q3}
 o - 8 potions of brilliance
 r - a potion of resistance
 s - 7 potions of heal wounds {@q2}
 w - 6 potions of mutation
 Y - 3 potions of cancellation
Miscellaneous
 q - a box of beasts (inert)
 u - a lightning rod (3/4)
 B - a tin of tremorstones (2/2)
 C - a phantom mirror (inert)
 O - a phial of floods (inert)

Dungeon Overview and Level Annotations

Branches:
Dungeon (15/15)            Temple (1/1) D:6            Lair (5/5) D:10
 Shoals (4/4) Lair:3       Spider (4/4) Lair:2        Slime (0/5) Lair:5
    Orc (2/2) D:11            Elf (0/3) Orc:2        Vaults (4/5) D:14
  Crypt (0/3) Vaults:2     Depths (4/4) D:15            Zot (0/5) Depths:4
Ossuary (visited)           IceCv (visited)          WizLab (visited)
Desolation (visited)      Gauntlet (visited)

Altars:
Ashenzari
Dithmenos
Elyvilon
Fedhas
Gozag
Hepliaklqana
Kikubaaqudgha
Makhleb
Nemelex Xobeh
Okawaru
Qazlal
Ru
Sif Muna
Trog
Uskayaw
Vehumet
Wu Jian
Xom
Yredelemnul
Zin
The Shining One
Jiyva
Lugonu

Shops:
D:15 (   Orc:2 [([(   Shoals:2 *   Vaults:2 *[!(   Vaults:3 (   Depths:2 *

Portals:
Hell: Depths:1 Depths:2 Depths:3 Depths:4
Abyss: Lair:5 Depths:3
Pandemonium: Depths:2
Ziggurat: Depths:1
Trove: Depths:1 (give 2 scrolls of acquirement)

Annotations:
D:3 Grinder
D:10 2 transporters, 1 exclusion, hikkokomori's ghost, novice SpEn
D:13 2 transporters, Quaz's ghost, journeyman DEEE
Shoals:3 2 transporters, exclusion: orange crystal statue
Vaults:4 exclusion: 4 downstairs
Depths:1 4 transporters

* *,..#.....# *
*,(.......## *
*,....#....## *
*,...##.....# *
*,..# #...#### *
#,..* #..[...# *
#.,,* #..C##D# *
▒▒'▒** #▒▒d▒▒C####
* ▒...▒*
▒▒...▒.@..# *
*▒...▒▒▒...▒▒###.#
** *▒...▒)).▒▒
▒▒▒.# ,**
*▒..)..▒▒ ▒▒.▒.#
,,** ▒▒..)▒▒
▒▒..'.# ,,,**
▒▒[▒▒ ▒▒...▒##
*,,,***dC.*▒▒...▒▒
**,,,*.....▒...▒▒
***,,[..∩..'..▒▒


You could see a juggernaut and a storm dragon (corroded).


Message History

* * * LOW HITPOINT WARNING * * *
The juggernaut barely misses you.
The storm dragon breathes lightning at you.
The bolt of lightning misses you. x2
Okay, then.
You feel much better.
The storm dragon breathes lightning at you.
The bolt of lightning misses you.
Aiming: Mindburst
Press: ? - help, Shift-Dir - straight line, f - juggernaut
Aim: a juggernaut (severely wounded, chance to affect: 10%)
Okay, then.
Aiming: Corrosive Bolt
Press: ? - help, Shift-Dir - straight line, f - juggernaut
Aim: a juggernaut (severely wounded, 91% to hit)
The bolt of acid hits the juggernaut!
The juggernaut is almost dead.
Aiming: Corrosive Bolt
Press: ? - help, Shift-Dir - straight line, f/p - juggernaut
Aim: a juggernaut (almost dead, 91% to hit)
The bolt of acid misses the juggernaut.
Aiming: Corrosive Bolt
Press: ? - help, Shift-Dir - straight line, f - storm dragon, p - juggernaut
Aim: a storm dragon (moderately wounded, catching its breath, 74% to hit)
The bolt of acid hits the juggernaut!!
The juggernaut is almost dead.
The bolt of acid hits the storm dragon!
The acid corrodes the storm dragon!
The storm dragon is heavily wounded.
The juggernaut hits you!!!
You die...

Skill      XL: |  1  2  3  4  5  6  7  8  9 10 11 12 13 14 15 16 17 18 19 20 21 22 23 |
---------------+----------------------------------------------------------------------+-----
Spellcasting   | 3 4 5 7 9 10 12 13 14 15 16 | 16.9
Air Magic      | 5 7 9 10 11 14 15 18 19 20 21 22 24 25 26 | 26.1
Fighting       | 2 3 4 6 8 10 11 12 13 14 15 | 15.1
Dodging        | 3 5 7 10 13 15 16 17 18 19 20 21 | 21.3
Stealth        | 3 4 7 9 |  9.0
Conjurations   | 4 5 7 10 11 13 14 17 20 | 20.0
Short Blades   | 2 |  2.0
Evocations     | 4 6 |  6.0
Ice Magic      | 4 5 7 |  7.0
Shields        | 3 |  3.0
Summonings     | 4 5 |  5.0
Staves         | |  0.9

Action                   |  1- 3 |  4- 6 |  7- 9 | 10-12 | 13-15 | 16-18 | 19-21 | 22-24 || total
-------------------------+-------+-------+-------+-------+-------+-------+-------+-------++-------
Melee: Unarmed           |     9 |       |       |       |       |       |       |       ||     9
       Kick              |     3 |       |     7 |    10 |    36 |    32 |    32 |       ||   120
       Dagger            |       |     1 |    23 |    19 |    31 |    45 |     6 |       ||   125
       Peck              |       |     1 |     6 |     5 |    24 |    19 |    22 |       ||    77
       Punch             |       |       |     1 |     1 |     1 |       |       |       ||     3
       Staff             |       |       |       |       |    28 |    19 |    65 |       ||   112
Throw: Dart              |       |       |     3 |     2 |       |       |       |       ||     5
 Cast: Shock             |    80 |   110 |   140 |   155 |    59 |    48 |    40 |     1 ||   633
       Airstrike         |       |       |    38 |   318 |   528 |   405 |   511 |   137 ||  1937
       Freezing Cloud    |       |       |       |     5 |    73 |   118 |    75 |    40 ||   311
       Static Discharge  |       |       |       |       |    55 |    37 |    18 |       ||   110
       Conjure Ball Ligh |       |       |       |       |    14 |    35 |    20 |     8 ||    77
       Summon Lightning  |       |       |       |       |    70 |   119 |    82 |    28 ||   299
       Maxwell's Capacit |       |       |       |       |    10 |    20 |    10 |    25 ||    65
       Arcjolt           |       |       |       |       |       |    58 |    47 |    18 ||   123
       Lightning Bolt    |       |       |       |       |       |    10 |   260 |    81 ||   351
       Chain Lightning   |       |       |       |       |       |       |     1 |    21 ||    22
Evoke: Wand              |       |       |     1 |     1 |     2 |    27 |    29 |    12 ||    72
       Phantom mirror    |       |       |       |       |       |     4 |     3 |     2 ||     9
       Box of beasts     |       |       |       |       |       |     2 |     3 |     1 ||     6
       Phial of floods   |       |       |       |       |       |     1 |     3 |     1 ||     5
       Lightning rod     |       |       |       |       |       |       |    10 |     2 ||    12
  Use: Potion            |       |       |     1 |     1 |     3 |     6 |     4 |     1 ||    16
       Scroll            |       |       |     9 |    11 |    17 |     9 |     6 |     2 ||    54
 Stab: Sleeping          |       |       |     5 |       |     1 |     3 |       |       ||     9
       Distracted        |       |       |     1 |       |       |     2 |     1 |       ||     4
       Invisible         |       |       |       |       |     1 |       |       |       ||     1
       Paralysed         |       |       |       |       |       |       |    12 |       ||    12
Armor: Robe              |     3 |     6 |    10 |       |       |       |       |     5 ||    24
       Steam dragon scal |       |       |       |    21 |    52 |    59 |    38 |     4 ||   174
Dodge: Dodged            |    10 |    27 |    57 |   139 |   321 |   493 |   306 |   109 ||  1462
Block: Buckler           |       |       |       |       |    95 |   185 |   127 |    44 ||   451
       Reflection        |       |       |       |       |    23 |    21 |    31 |    23 ||    98

Levels and vault maps discovered:
D:1:      dpeg_arrival_rhombi, layout_rooms
D:2:      kb_forest_paths, layout_basic, basic_altar,
          wander_ebering_terrifying_dragon_lair
D:3:      layout_rooms, mainiacjoe_overflow_cross_hatched, uniq_jessica,
          uniq_terence, uniq_grinder
D:4:      nicolae_cairo_tiling, layout_basic, kennysheep_ying_yang,
          minmay_misc_feat_tiny, uniq_pikel
D:5:      minmay_bubble_buster, layout_loops_ring
D:6:      layout_loops_ring, grunt_temple_overflow_bloody_war,
          minmay_temple_entry_junction_2, lightli_ossuary_entry_decrepit_ruins
D:7:      layout_layer_cave, minitemple, chequers_serial_rivers_micro_e,
          kennysheep_boxes
D:8:      layout_cave_pools, nicolae_wu_jian_immortal_techniques, serial_glass,
          glass_columns_a, glass_columns_a, minmay_bent, uniq_maggie,
          uniq_prince_ribbit1, uniq_maurice
D:9:      layout_gridville, lemuel_tele_altar,
          mainiacjoe_overflow_catch_the_wave
D:10:     layout_grid_maze, ashenzari_altar_1, erik_lair_orcish_takeover,
          gammafunk_ghost_wrathful_warriors, uniq_fannar, uniq_joseph,
          uniq_sonja
D:11:     layout_loops_ring, kennysheep_orc_monster_closet_entryway, serial_ice,
          serial_ice_d, serial_ice_g, serial_ice_o, serial_ice_l, uniq_grum
D:12:     layout_rooms
D:13:     layout_roguey, nzn_ghost_randoct, nrook_pool_corridor
D:14:     layout_stronghold, david_vaults_1, fedhas_altar_1
D:15:     hangedman_depths_entry_civil_slaughter, layout_loops_ring,
          serial_shops, shop_fountains, lemuel_round_altar,
          dreamdust_looks_like_rain
Temple:   eino_wide_crystal_templ
Lair:1:   layout_big_grid, uniq_gastronok, uniq_amaemon
Lair:2:   layout_regular_city, nicolae_spider_entry_non_spiders
Lair:3:   layout_regular_city, elwin_shoals_entry_rooms,
          portal_ice_cave_demonic_guard, grunt_megastairs_4
Lair:4:   layout_cave_pods, nicolae_lair_lil_pond, st_stairs_6,
          beast_lair_carwin_3, lemuel_fruit_tree, uniq_snorg
Lair:5:   hellmonk_lair_end_abyssal_woods, layout_loops_ring, slime_entry_1,
          gauntlet_entry_generic
Shoals:1: layout_shoals
Shoals:2: layout_shoals, ebering_ghost_disaster_area, nicolae_shop_gadgets
Shoals:3: gammafunk_sealed_arena, layout_shoals, nicolae_shoals_dead_sea_scrolls
Shoals:4: shoals_end_simple, layout_shoals, nicolae_shoals_water_shrine
Spider:1: layout_spider_delve
Spider:2: layout_spider_delve, nicolae_spider_stair_cavern, uniq_jorgrun
Spider:3: layout_cave_pods
Spider:4: guppyfry_spider_rune, drop_trap
Orc:1:    layout_diamond_mine
Orc:2:    grunt_orc_community_town_hall, layout_diamond_mine,
          grunt_orc_community_big_house_1, grunt_orc_community_big_house_2,
          grunt_orc_community_house_3, grunt_orc_community_house_1,
          grunt_orc_community_house_1, grunt_orc_community_house_3,
          serial_shops, bzr_entry_road, basic_altar, uniq_rupert
Vaults:1: ontoclasm_vaults_spin, st_smaller_cells, vaults_room_pools, v_rooms_3,
          vaults_dpeg_ring, grunt_vaults_swirl, v_misc_29,
          hangedman_vaults_stream, nicolae_vaults_little_squares_3,
          nicolae_vaults_three_branches, layout_vaults_omnicross
Vaults:2: portal_desolation_entry_salt, hangedman_vaults_river_flow, v_rooms_2,
          minmay_crypt_entry_vampire_xt, grunt_vaults_hallway_short,
          nicolae_vaults_alarming, ontoclasm_vaults_decontamination,
          vaults_room_pools, nicolae_vaults_shelves_hall,
          ontoclasm_vaults_misaligned, v_pattern_5, ontoclasm_vaults_shuriken,
          layout_vaults_maze_snakey, serial_shops, shop, shop, shop_statue, shop
Vaults:3: nicolae_vaults_network_quincunx
          [nicolae_vaults_network_quincunx_subvault,
          nicolae_vaults_network_quincunx_subvault,
          nicolae_vaults_network_quincunx_subvault,
          nicolae_vaults_network_quincunx_subvault,
          nicolae_vaults_network_quincunx_subvault], vaults_room_door_hall,
          v_misc_13, ontoclasm_vaults_ring_large, vaults_dpeg_spiral,
          nicolae_vaults_asterisk, vaults_standard_mumra_lines,
          ontoclasm_vaults_twist, hangedman_vaults_slice,
          layout_vaults_chaotic_city, serial_shops, shop
Vaults:4: mu_enter_wizlab_6, vaults_mumra_hex, dpeg_vaults_monster_box,
          v_misc_31, v_misc_16, v_misc_17, vaults_room_stairs_pillars,
          vaults_mumra_lcd, nicolae_vaults_asterisk, v_rooms_1, v_misc_16,
          ontoclasm_vaults_pinch, v_misc_4, vaults_room_stairs_pillars,
          vaults_room_pool, vaults_dpeg_hooks, hangedman_vaults_slice,
          layout_vaults_ring
Depths:1: layout_basic, enter_ziggurat_f, chequers_serial_rivers_small_b,
          hell_entry, enter_trove_0, nicolae_concentric_dashed_squares_wild,
          nicolae_transporter_circle
Depths:2: minmay_dotted_concentric_squares, layout_small_grid, hellmouth_3,
          serial_shops, nicolae_take_the_stairs, pan_entry, uniq_aizul,
          uniq_asterion
Depths:3: minmay_the_grid_octo_tiled_squarecenter_mashed
          [minmay_the_grid_octo_fan_narrow, minmay_the_grid_octo_thin_diamonds,
          minmay_the_grid_octo_focus, minmay_the_grid_octo_clover_2,
          minmay_the_grid_square_5x5_megaprize_checkered,
          minmay_the_grid_square_5x5_hollow_slash,
          minmay_the_grid_square_5x5_checkered_statues,
          minmay_the_grid_square_5x5_inner_i,
          minmay_the_grid_square_5x5_doubleslash], layout_cave_shapes,
          abyss_entry, hell_entry, minmay_misc_feat_plants,
          infiniplex_staircase_pool_1
Depths:4: grunt_zot_entry_funnels, layout_long_grid, serial_shops,
          bzr_entry_water, serial_bayou, serial_bayou_pond_a,
          serial_bayou_ford_a, serial_bayou_pond_c, serial_bayou_pond_b,
          pf_hell_entry_great_geh, serial_bayou_shore_b

Notes
Turn   | Place    | Note
-------+----------+-------------------------------------------
     0 | D:1      | quinnr the Tengu Air Elementalist began the quest for the
                  | Orb.
     0 | D:1      | Reached XP level 1. HP: 10/10 MP: 4/4
   287 | D:1      | Reached XP level 2. HP: 15/15 MP: 4/6
   594 | D:1      | Reached skill level 3 in Spellcasting
   938 | D:2      | Reached XP level 3. HP: 19/19 MP: 5/8
  1241 | D:2      | Found a shadowy altar of Dithmenos.
  1571 | D:2      | Reached XP level 4. HP: 24/24 MP: 4/10
  1576 | D:2      | Learned a level 4 spell: Airstrike
  1686 | D:2      | Reached skill level 4 in Spellcasting
  2361 | D:3      | Noticed Grinder
  2582 | D:4      | Reached skill level 5 in Air Magic
  2634 | D:4      | Gained mutation: Your magical nature lets you fly swiftly
                  | and evasively. [Tengu growth]
  2634 | D:4      | Reached XP level 5. HP: 28/28 MP: 9/12
  3178 | D:4      | Found a basalt altar of Yredelemnul.
  3218 | D:4      | Reached skill level 6 in Air Magic
  3285 | D:4      | Found a white marble altar of Elyvilon.
  3457 | D:4      | Reached skill level 7 in Air Magic
  3457 | D:4      | Reached XP level 6. HP: 30/32 MP: 9/13
  4148 | D:5      | Entered Level 5 of the Dungeon
  4156 | D:5      | Reached skill level 8 in Air Magic
  4420 | D:5      | Reached skill level 9 in Air Magic
  4420 | D:5      | Reached XP level 7. HP: 37/37 MP: 10/14
  4471 | D:5      | Reached skill level 1 in Fighting
  4574 | D:5      | Reached skill level 2 in Fighting
  4687 | D:5      | Reached skill level 3 in Dodging
  4850 | D:5      | Reached skill level 3 in Stealth
  5017 | D:5      | Reached XP level 8. HP: 44/44 MP: 0/15
  5537 | D:6      | Reached skill level 4 in Dodging
  5557 | D:6      | Reached skill level 4 in Stealth
  5628 | D:6      | Reached skill level 10 in Air Magic
  5709 | D:6      | Reached skill level 5 in Dodging
  5854 | D:6      | Found a sand-covered staircase.
  5902 | Ossuary  | Entered an ossuary
  5964 | Ossuary  | Noticed a flying skull
  5964 | Ossuary  | Noticed a wraith
  5971 | Ossuary  | Noticed a flying skull
  5975 | Ossuary  | Noticed a flying skull
  5990 | Ossuary  | Reached skill level 2 in Conjurations
  5996 | Ossuary  | Noticed a flying skull
  6004 | Ossuary  | Noticed a wraith
  6012 | Ossuary  | Killed a wraith
  6013 | Ossuary  | Reached skill level 3 in Fighting
  6013 | Ossuary  | Reached skill level 3 in Conjurations
  6158 | Ossuary  | Noticed a flying skull
  6249 | Ossuary  | Noticed a wraith
  6261 | Ossuary  | Killed a wraith
  6262 | Ossuary  | Reached skill level 4 in Conjurations
  6606 | D:6      | Found a staircase to the Ecumenical Temple.
  6611 | D:6      | Reached skill level 5 in Spellcasting
  6611 | D:6      | Reached XP level 9. HP: 50/50 MP: 8/17
  6615 | Temple   | Entered the Ecumenical Temple
  6720 | Temple   | Became a worshipper of Vehumet
  7240 | D:6      | Reached skill level 6 in Spellcasting
  7296 | D:6      | Found an iron altar of Okawaru.
  7296 | D:6      | Found a bloodstained altar of Trog.
  7434 | D:7      | Identified the +9 dagger of Ointment {elec, rN++}
  7682 | D:7      | Reached * piety under Vehumet
  7682 | D:7      | Offered knowledge of Freeze by Vehumet.
  7683 | D:7      | Reached skill level 1 in Short Blades
  8390 | D:7      | Found a burning altar of Makhleb.
  8393 | D:7      | Found a stormy altar of Qazlal.
  8543 | D:8      | Noticed Maurice
  8548 | D:8      | Killed Maurice
  8549 | D:8      | Reached skill level 4 in Fighting
  8549 | D:8      | Reached skill level 2 in Short Blades
  8549 | D:8      | Reached skill level 5 in Conjurations
  8651 | D:8      | Noticed Maggie
  8757 | D:8      | Killed Maggie
  8758 | D:8      | Reached skill level 7 in Spellcasting
  8758 | D:8      | Reached skill level 11 in Air Magic
  8874 | D:8      | Noticed Prince Ribbit
  8880 | D:7      | Reached XP level 10. HP: 52/56 MP: 8/21
  9010 | D:7      | Killed Prince Ribbit
  9011 | D:7      | Reached skill level 12 in Air Magic
  9661 | D:8      | Noticed a boulder beetle
  9769 | D:8      | Killed a boulder beetle
  9770 | D:8      | Reached skill level 13 in Air Magic
  9881 | D:8      | Reached skill level 8 in Spellcasting
  9989 | D:8      | Offered knowledge of Momentum Strike by Vehumet.
 10290 | D:8      | Found an ornate altar of the Wu Jian Council.
 10550 | D:8      | Reached ** piety under Vehumet
 10944 | D:8      | Paralysed by a hornet for 3 turns
 11096 | D:9      | Reached skill level 14 in Air Magic
 11411 | D:9      | Reached skill level 9 in Spellcasting
 11505 | D:9      | Reached XP level 11. HP: 61/61 MP: 16/25
 11694 | D:9      | Found a hazy altar of Hepliaklqana.
 11738 | D:9      | Found a glowing golden altar of the Shining One.
 11944 | D:9      | Offered knowledge of Stone Arrow by Vehumet.
 12113 | D:9      | Reached skill level 15 in Air Magic
 12438 | D:9      | Reached *** piety under Vehumet
 12593 | D:9      | Found a glowing silver altar of Zin.
 12733 | D:10     | Entered Level 10 of the Dungeon
 12833 | D:10     | Noticed Fannar
 12931 | D:10     | Killed Fannar
 12932 | D:10     | Reached skill level 1 in Evocations
 13217 | D:10     | Noticed Sonja
 13220 | D:10     | Reached skill level 2 in Evocations
 13227 | D:10     | Killed Sonja
 13259 | D:10     | Found a staircase to the Lair.
 13488 | D:10     | Noticed Joseph
 13609 | D:10     | Offered knowledge of Olgreb's Toxic Radiance by Vehumet.
 13699 | D:10     | Reached skill level 5 in Fighting
 13699 | D:10     | Reached skill level 6 in Dodging
 13920 | D:10     | Found a bloodstained altar of Trog.
 13920 | D:10     | Noticed hikkokomori's ghost (novice SpEn)
 13922 | D:10     | Noticed a moth of wrath
 13944 | D:10     | Noticed a tengu warrior
 13949 | D:10     | Found a transporter.
 13952 | D:10     | Found a transporter.
 14020 | D:10     | Reached skill level 3 in Evocations
 14210 | D:10     | Found a broken altar of Ashenzari.
 14232 | D:10     | Killed Joseph
 14548 | D:11     | Noticed a death yak
 14660 | D:11     | Reached **** piety under Vehumet
 15174 | D:11     | Offered knowledge of Freezing Cloud by Vehumet.
 15197 | D:11     | Reached skill level 4 in Evocations
 15490 | D:11     | Reached skill level 7 in Dodging
 15495 | D:11     | Reached skill level 6 in Fighting
 15618 | D:11     | Noticed Grum
 15632 | D:11     | Killed Grum
 15633 | D:11     | Reached XP level 12. HP: 46/70 MP: 26/26
 15805 | D:11     | Reached skill level 10 in Spellcasting
 15813 | D:11     | HP: 7/70 [death yak (6)]
 15814 | D:11     | HP: 2/70 [death yak (5)]
 16200 | D:11     | Found a staircase to the Orcish Mines.
 16840 | Lair:1   | Entered Level 1 of the Lair of Beasts
 16854 | Lair:1   | Reached skill level 8 in Dodging
 16984 | Lair:1   | Reached skill level 7 in Fighting
 17201 | Lair:1   | Learned a level 5 spell: Freezing Cloud
 17214 | Lair:1   | Reached skill level 9 in Dodging
 17317 | Lair:1   | Reached ***** piety under Vehumet
 17416 | Lair:1   | Noticed Amaemon
 17419 | Lair:1   | Reached skill level 1 in Ice Magic
 17421 | Lair:1   | Offered knowledge of Conjure Ball Lightning by Vehumet.
 17429 | Lair:1   | Killed Amaemon
 17430 | Lair:1   | Noticed Gastronok
 17579 | Lair:1   | Killed Gastronok
 17580 | Lair:1   | Reached skill level 6 in Conjurations
 17580 | Lair:1   | Reached skill level 2 in Ice Magic
 18147 | Lair:1   | Reached skill level 3 in Ice Magic
 18321 | Lair:1   | Reached skill level 7 in Conjurations
 18518 | Lair:2   | Reached skill level 10 in Dodging
 18529 | Lair:2   | Reached skill level 4 in Ice Magic
 18964 | Lair:2   | Reached skill level 8 in Fighting
 18964 | Lair:2   | Reached XP level 13. HP: 78/78 MP: 21/28
 19458 | Lair:2   | Found a hole to the Spider Nest.
 19552 | Lair:2   | Learned a level 6 spell: Conjure Ball Lightning
 19555 | Lair:2   | Learned a level 2 spell: Static Discharge
 19566 | Lair:2   | Reached skill level 9 in Fighting
 19826 | Lair:2   | Reached skill level 8 in Conjurations
 20367 | Lair:3   | Found a frozen archway.
 20457 | IceCv    | Entered an ice cave
 20464 | IceCv    | Reached skill level 9 in Conjurations
 20542 | IceCv    | Found a transporter.
 20556 | IceCv    | Found a transporter.
 20570 | IceCv    | HP: 5/80 [ice beast[an ice statue] (5)]
 20592 | IceCv    | HP: 8/80 [ice beast[an ice statue] (2)]
 21233 | IceCv    | Identified the +7 scimitar of Exoneration {drain, Will+
                  | rCorr Int-5}
 21285 | Lair:3   | Reached skill level 10 in Conjurations
 21992 | Lair:3   | Reached skill level 5 in Stealth
 22573 | Lair:3   | Found a staircase to the Shoals.
 22899 | Lair:4   | Reached skill level 6 in Stealth
 22962 | Lair:3   | Reached skill level 10 in Fighting
 23121 | Lair:4   | Offered knowledge of Fulminant Prism by Vehumet.
 23395 | Lair:4   | Reached skill level 7 in Stealth
 23649 | Lair:4   | Noticed Snorg
 23670 | Lair:4   | Killed Snorg
 23671 | Lair:4   | Reached XP level 14. HP: 67/88 MP: 14/29
 23707 | Lair:4   | Reached skill level 8 in Stealth
 23776 | Lair:4   | Reached skill level 11 in Fighting
 24376 | Lair:4   | Reached skill level 9 in Stealth
 24688 | Lair:4   | Identified a potion of resistance
 24923 | Lair:5   | Entered Level 5 of the Lair of Beasts
 25164 | Lair:5   | Found a viscous altar of Jiyva.
 25164 | Lair:5   | Found a staircase to the Slime Pits.
 25166 | Lair:5   | Found a gate leading to a gauntlet.
 25185 | Gauntlet | Entered a Gauntlet
 25185 | Gauntlet | Found a transporter.
 25278 | Gauntlet | Found a transporter.
 25288 | Gauntlet | Found a transporter.
 25293 | Gauntlet | Found a transporter.
 25308 | Gauntlet | Found a transporter.
 25327 | Gauntlet | Found a transporter.
 25329 | Gauntlet | Noticed a quicksilver ooze
 25339 | Gauntlet | Found a transporter.
 25351 | Gauntlet | Found a transporter.
 25363 | Gauntlet | Found a transporter.
 25371 | Gauntlet | Found a large runed translucent door.
 25372 | Gauntlet | Found a large runed translucent door.
 25373 | Gauntlet | Found a large runed translucent door.
 25373 | Gauntlet | Found a large runed translucent door.
 25374 | Gauntlet | Found a runed translucent gate.
 25375 | Gauntlet | Found a transporter.
 25375 | Gauntlet | Found a runed translucent gate.
 25376 | Gauntlet | Found a runed translucent gate.
 25377 | Gauntlet | Found a large runed translucent door.
 25377 | Gauntlet | Found a large runed translucent door.
 25378 | Gauntlet | Found a large runed translucent door.
 25379 | Gauntlet | Found a large runed translucent door.
 25388 | Gauntlet | Found a large runed translucent door.
 25388 | Gauntlet | Found a large runed translucent door.
 25388 | Gauntlet | Found a runed translucent door.
 25388 | Gauntlet | Found a runed translucent door.
 25389 | Gauntlet | Found a large runed translucent door.
 25390 | Gauntlet | Found a large runed translucent door.
 25392 | Gauntlet | Found a transporter.
 25399 | Gauntlet | Found a large runed translucent door.
 25399 | Gauntlet | Found a large runed translucent door.
 25400 | Gauntlet | Found a large runed translucent door.
 25401 | Gauntlet | Found a large runed translucent door.
 25410 | Gauntlet | Found a transporter.
 25412 | Gauntlet | Found a transporter.
 25440 | Gauntlet | Found a transporter.
 25440 | Gauntlet | Found a transporter.
 25664 | Gauntlet | Found a transporter.
 25664 | Gauntlet | Found a transporter.
 25692 | Gauntlet | Reached skill level 16 in Air Magic
 25856 | Gauntlet | Identified a scroll of acquirement
 25856 | Gauntlet | Acquired a book of the Sky
 25863 | Gauntlet | Learned a level 4 spell: Summon Lightning Spire
 25872 | Gauntlet | Learned a level 8 spell: Maxwell's Capacitive Coupling
 25997 | Gauntlet | Identified the +5 glaive "Arcanum" {heavy, *Corrode rN+
                  | Str+3}
 25998 | Gauntlet | Identified the +0 cloak of Misanthropy {rF+ rCorr Dex+4}
 26272 | Gauntlet | Got Riemaad's Lessons on Reformation
 26274 | Gauntlet | Identified the +7 dagger of the Twelve Nightmares {freeze,
                  | rPois rN+ Str-5 Dex+3}
 26290 | Lair:5   | Offered knowledge of Arcjolt by Vehumet.
 26299 | Lair:5   | Reached skill level 1 in Shields
 26412 | Lair:5   | Reached skill level 2 in Shields
 26552 | Lair:5   | Reached skill level 3 in Shields
 26552 | Lair:5   | Reached skill level 17 in Air Magic
 28070 | Lair:5   | Reached skill level 18 in Air Magic
 29045 | Lair:5   | Reached XP level 15. HP: 94/94 MP: 26/30
 29099 | Lair:5   | Offered knowledge of Iron Shot by Vehumet.
 29382 | Lair:5   | Reached skill level 11 in Spellcasting
 29551 | Lair:5   | Found a corrupted altar of Lugonu.
 29551 | Lair:5   | Found a one-way gate to the infinite horrors of the Abyss.
 29826 | Orc:1    | Entered Level 1 of the Orcish Mines
 30154 | Orc:2    | Entered Level 2 of the Orcish Mines
 30154 | Orc:2    | Noticed Rupert
 30160 | Orc:2    | Killed Rupert
 30184 | Orc:2    | Found Naidinol's Armour Boutique.
 30381 | Orc:2    | Found Qaompa's Antique Weapon Emporium.
 30390 | Orc:2    | Found a staircase to the Elven Halls.
 30409 | Orc:2    | Found a flickering gateway to a bazaar.
 30433 | Bazaar   | Entered a bazaar
 30433 | Bazaar   | Found Bubiharo's Assorted Antiques.
 30433 | Bazaar   | Found Koadd's Book Shoppe.
 30433 | Bazaar   | Found Tysiddol's Weapon Shoppe.
 30433 | Bazaar   | Found Coronlue's Jewellery Emporium.
 30433 | Bazaar   | Found Tesoaf's General Store.
 30546 | Bazaar   | Bought a scroll of magic mapping for 135 gold pieces
 30546 | Bazaar   | Bought a scroll of identify for 36 gold pieces
 30546 | Bazaar   | Bought a potion of haste for 180 gold pieces
 30546 | Bazaar   | Bought a metallic red potion for 16 gold pieces
 30548 | Bazaar   | Bought a book of Lightning for 456 gold pieces
 30552 | Bazaar   | Bought a scroll of teleportation for 27 gold pieces
 30552 | Bazaar   | Bought a potion of heal wounds for 45 gold pieces
 30552 | Bazaar   | Bought a scroll of identify for 18 gold pieces
 30554 | Bazaar   | Bought a ring of protection from cold for 450 gold pieces
 31492 | Orc:2    | Noticed an orc warlord
 31498 | Orc:2    | Killed an orc warlord
 31499 | Orc:2    | Reached skill level 19 in Air Magic
 31515 | Orc:2    | Offered knowledge of Lee's Rapid Deconstruction by Vehumet.
 32022 | Orc:2    | Found Bubiharo's Antique Armour Boutique.
 32026 | Orc:2    | Found Edoc's Antique Weapon Shop.
 32427 | Orc:2    | Bought a wizard robe for 216 gold pieces
 32427 | Orc:2    | Identified the +0 robe of Sorcery {-Tele *Slow rF+ Str+6}
                  | (You bought it in a shop on level 2 of the Orcish Mines)
 32798 | D:12     | Reached skill level 12 in Spellcasting
 33819 | D:13     | Reached skill level 11 in Dodging
 34264 | D:13     | Found a transporter.
 34361 | D:13     | Noticed a fire giant
 34366 | D:13     | Noticed Quaz's ghost (journeyman DEEE)
 34374 | D:13     | Found a transporter.
 34447 | D:13     | Offered knowledge of Fireball by Vehumet.
 34808 | D:13     | Reached skill level 12 in Dodging
 35321 | D:14     | Found a blossoming altar of Fedhas.
 35334 | D:14     | Found a gate to the Vaults.
 35637 | D:14     | Reached skill level 13 in Dodging
 35850 | D:14     | Identified the +5 sling of Fate {antimagic, Str+4 SInv}
 35956 | D:14     | Identified the +1 leather armour "Tag Xoeficw" {rPois rF-
                  | rN+++ Dex-5}
 36353 | D:14     | Reached XP level 16. HP: 100/100 MP: 32/33
 37068 | D:15     | Entered Level 15 of the Dungeon
 37380 | D:15     | Reached ****** piety under Vehumet
 37534 | D:15     | Found Vief Femn's Antique Weapon Shop.
 37564 | D:15     | Offered knowledge of Lehudib's Crystal Spear by Vehumet.
 37782 | D:15     | Reached skill level 14 in Dodging
 38001 | D:15     | Found a hazy altar of Hepliaklqana.
 38177 | D:15     | Reached skill level 20 in Air Magic
 38360 | D:15     | Paralysed by an air elemental for 1 turns
 38363 | D:15     | Paralysed by an air elemental for 1 turns
 38563 | D:15     | Found a staircase to the Depths.
 38933 | Shoals:1 | Entered Level 1 of the Shoals
 40629 | Shoals:2 | Found a large runed translucent door.
 40660 | Shoals:2 | Reached skill level 5 in Evocations
 40851 | Shoals:2 | Found a large runed translucent door.
 40949 | Shoals:2 | Noticed Inwioxo's ghost (adept KoHu)
 40981 | Shoals:2 | Found Ushrax's Gadget Gallery.
 40981 | Shoals:2 | Noticed a kraken
 41576 | Shoals:2 | Killed Inwioxo's ghost
 41678 | Shoals:2 | Identified the +11 sling of Embarrassment {freeze, rElec
                  | rN+ Stlth+}
 41699 | Shoals:3 | Found a transporter.
 42037 | Shoals:3 | Reached skill level 5 in Ice Magic
 42198 | Shoals:3 | Found a transporter.
 42449 | Shoals:3 | Reached skill level 6 in Evocations
 42452 | Shoals:3 | Reached skill level 15 in Dodging
 42638 | Shoals:3 | Noticed a kraken
 42642 | Shoals:3 | Killed a kraken
 42643 | Shoals:3 | Reached XP level 17. HP: 100/104 MP: 29/34
 43479 | Shoals:4 | Entered Level 4 of the Shoals
 43690 | Shoals:4 | Reached skill level 21 in Air Magic
 43877 | Shoals:4 | Reached skill level 6 in Ice Magic
 44555 | Shoals:4 | Identified the ring of Ephemeral Luck {rElec rPois Dex+9
                  | SInv Stlth+}
 44786 | Shoals:4 | Reached skill level 7 in Ice Magic
 45190 | Lair:2   | Upgraded the game from 0.30-a0-578-gdee14c521f to
                  | 0.30-a0-585-g93115170b9
 45230 | Spider:1 | Entered Level 1 of the Spider Nest
 45422 | Lair:2   | Reached skill level 16 in Dodging
 46936 | Spider:1 | Learned a level 5 spell: Arcjolt
 47158 | Spider:2 | Noticed Jorgrun
 48251 | Spider:2 | Reached skill level 1 in Summonings
 48453 | Spider:2 | Killed Jorgrun
 48700 | Spider:2 | Reached skill level 2 in Summonings
 49496 | Spider:2 | Learned a level 5 spell: Lightning Bolt
 49532 | Spider:3 | Reached skill level 3 in Summonings
 49953 | Spider:3 | Offered knowledge of Fire Storm by Vehumet.
 49953 | Spider:3 | Offered knowledge of Shatter by Vehumet.
 49953 | Spider:3 | Offered knowledge of Chain Lightning by Vehumet.
 49977 | Spider:3 | Reached skill level 12 in Fighting
 50202 | Spider:3 | Reached skill level 4 in Summonings
 50308 | Spider:3 | Reached XP level 18. HP: 112/112 MP: 21/35
 50932 | Spider:3 | Reached skill level 5 in Summonings
 51181 | Spider:4 | Entered Level 4 of the Spider Nest
 51828 | Spider:4 | Reached skill level 17 in Dodging
 51828 | Spider:4 | Reached skill level 13 in Spellcasting
 53848 | Spider:4 | Identified the +0 hat "Rism" {Stlth+}
 53898 | Spider:4 | Got a gossamer rune of Zot
 54262 | Vaults:1 | Entered Level 1 of the Vaults
 54613 | Vaults:1 | Reached skill level 13 in Fighting
 55138 | Vaults:1 | Reached skill level 11 in Conjurations
 55970 | Vaults:2 | Found a crumbling gateway.
 55989 | Desolati | Entered the Desolation of Salt
 56019 | Desolati | Reached XP level 19. HP: 113/120 MP: 2/37
 56311 | Desolati | Reached skill level 18 in Dodging
 56632 | Desolati | Reached skill level 14 in Spellcasting
 56904 | Desolati | Reached skill level 12 in Conjurations
 57344 | Desolati | Identified the amulet "Jezufew" {Spirit Str+2 Dex+3}
 57891 | Desolati | Got the Octavo of Polluted Beckoning
 58251 | Desolati | Got Ureutisi's Monograph on Shapeshifting and Feathers
 58336 | Desolati | Identified the +8 dagger "Weyled" {flame, rPois rN+ Int-3
                  | SInv}
 59133 | Vaults:1 | Reached skill level 14 in Fighting
 60767 | Vaults:1 | Reached skill level 13 in Conjurations
 61236 | Vaults:2 | Found Mubrad's Assorted Antiques.
 61296 | Vaults:2 | Found Duric's Armour Emporium.
 61301 | Vaults:2 | Found Qyclotid's Distillery.
 61555 | Vaults:2 | Found Denuagoerph's Antique Weapon Emporium.
 62549 | Vaults:2 | Reached XP level 20. HP: 123/128 MP: 16/39
 62941 | Vaults:2 | Found a staircase to the Crypt.
 63763 | Vaults:3 | Reached skill level 19 in Dodging
 63986 | Vaults:3 | Found Agosk's Weapon Boutique.
 64768 | Vaults:3 | Reached skill level 15 in Spellcasting
 65284 | Vaults:3 | Reached skill level 22 in Air Magic
 66019 | Vaults:4 | Paralysed by a great orb of eyes for 2 turns
 66234 | Vaults:4 | Found a magical portal.
 66251 | WizLab   | Entered Borgnjor's Mausoleum
 66999 | WizLab   | Reached skill level 14 in Conjurations
 68648 | WizLab   | Got the Reference Book on Unholy Arts
 68650 | WizLab   | Got the Enchiridion on Diablerie
 68662 | WizLab   | Learned a level 9 spell: Chain Lightning
 69146 | Vaults:4 | Identified the +1 robe of Ajoar {-Tele +Inv rElec rF+ SInv}
 69460 | Vaults:4 | Reached XP level 21. HP: 47/132 MP: 21/41
 69465 | Vaults:4 | Reached skill level 15 in Conjurations
 69648 | Vaults:4 | Reached skill level 23 in Air Magic
 69796 | Vaults:4 | Reached skill level 20 in Dodging
 70566 | Vaults:4 | Reached skill level 16 in Conjurations
 72017 | Shoals:4 | Identified the +5 dagger "Tieq" {speed, Contam Str+4 Dex+5}
 72237 | Shoals:4 | Reached skill level 15 in Fighting
 73907 | Shoals:4 | Got a barnacled rune of Zot
 74417 | Depths:1 | Entered Level 1 of the Depths
 74422 | Depths:1 | Found a transporter.
 74706 | Depths:1 | Found a transporter.
 74712 | Depths:1 | Found a transporter.
 75018 | Depths:1 | Reached skill level 17 in Conjurations
 75504 | Depths:1 | Found a portal to a secret trove of treasure.
 75517 | Depths:1 | Found a transporter.
 75789 | Depths:1 | Found a gateway to Hell.
 76115 | Depths:1 | Reached skill level 24 in Air Magic
 76184 | Depths:1 | Reached XP level 22. HP: 101/140 MP: 8/42
 76364 | Depths:1 | Found a one-way gateway to a ziggurat.
 76367 | Depths:1 | Got the Meditations on the Hornet
 77035 | Depths:2 | Reached skill level 18 in Conjurations
 77100 | Depths:2 | Noticed Aizul
 77107 | Depths:2 | Killed Aizul
 78005 | Depths:2 | Noticed a golden dragon
 78015 | Depths:2 | Killed a golden dragon
 78397 | Depths:2 | Reached skill level 19 in Conjurations
 78589 | Depths:2 | Reached skill level 25 in Air Magic
 78708 | Depths:2 | Noticed Asterion
 78718 | Depths:2 | Killed Asterion
 79017 | Depths:2 | Found Hoenisk's Assorted Antiques.
 79294 | Depths:2 | Reached skill level 20 in Conjurations
 79549 | Depths:2 | Found a one-way gate leading to the halls of Pandemonium.
 79759 | Depths:3 | Reached skill level 16 in Spellcasting
 80033 | Depths:3 | Noticed a juggernaut
 80041 | Depths:3 | Killed a juggernaut
 80523 | Depths:3 | Noticed a caustic shrike
 80528 | Depths:3 | Killed a caustic shrike
 81683 | Depths:3 | Identified a +2 robe of the Archmagi
 81786 | Depths:3 | Reached XP level 23. HP: 125/144 MP: 28/44
 82521 | Depths:3 | Reached skill level 21 in Dodging
 82936 | Depths:3 | Got Fadoal's Tome of Septic Illusion
 83299 | Depths:4 | Entered Level 4 of the Depths
 83317 | Depths:4 | Got the Secrets of Heavy Envenoming
 83426 | Depths:4 | Reached skill level 26 in Air Magic
 83429 | Depths:4 | Found a gate to the Realm of Zot.
 83454 | Depths:4 | Noticed a juggernaut
 83479 | Depths:4 | Slain by a juggernaut

Vanquished Creatures
  A juggernaut (Depths:3)
  A caustic shrike (Depths:3)
  A golden dragon (Depths:2)
  A bone dragon (Depths:4)
  Jorgrun (Spider:2)
  A tentacled monstrosity (Depths:2)
  2 liches
  A walking frostbound tome (Depths:3)
  Asterion (Depths:2)
  A quicksilver dragon (Depths:3)
  3 titans
  A kraken (Shoals:3)
  3 sphinxes
  3 ancient champions (WizLab)
  Gastronok (Lair:1)
  3 storm dragons
  2 draconian monks (Depths:4)
  2 tengu reavers
  The ghost of Inwioxo the Spry, an adept KoHu of Gozag (Shoals:2)
  An iron dragon (Depths:3)
  6 fire giants
  5 frost giants
  2 shadow dragons
  4 ghost moths
  A revenant (WizLab)
  2 imperial myrmidons (Desolation)
  Aizul (Depths:2)
  5 emperor scorpions
  A caustic shrike zombie (WizLab)
  4 vault wardens
  An orc warlord (Orc:2)
  17 stone giants
  A draconian annihilator (Depths:4)
  10 very ugly things
  8 ironbound preservers
  A war gargoyle (Vaults:1)
  2 broodmothers
  A green draconian (Depths:4)
  2 vampire knights
  7 ironbound thunderhulks
  A minotaur (Gauntlet)
  16 dire elephants
  5 halazid warlocks (WizLab)
  A yellow draconian (Depths:4)
  7 spark wasps
  2 white draconians (Depths:4)
  Snorg (Lair:4)
  An eidolon (WizLab)
  2 deep elf death magi
  2 crystal guardians (Desolation)
  5 merfolk javelineers (Shoals:4)
  3 jiangshi
  4 ettins
  13 merfolk impalers
  4 entropy weavers
  4 ice dragons
  3 ragged hierophants (Desolation)
  4 great orbs of eyes
  9 yaktaur captains
  9 fire dragons
  3 servants of whispers (Desolation)
  A vault guard (Vaults:4)
  Fannar (D:10)
  4 catoblepae
  5 peacekeepers (Desolation)
  4 rakshasas
  2 alligator snapping turtles
  3 hydras
  5 spriggan air magi
  A two-headed ogre (D:13)
  A merfolk avatar (Shoals:3)
  7 ironbound frosthearts
  3 satyrs
  10 centaur warriors
  13 deep troll shamans
  2 death yaks
  A radroach (Spider:2)
  5 boulder beetles
  10 merfolk aquamancers (Shoals:4)
  8 deep troll earth magi
  A titan zombie (WizLab)
  4 tengu warriors
  3 spriggan berserkers
  4 hell hogs (Depths:2)
  A soul eater (Depths:2)
  4 vampire magi
  Sonja (D:10)
  4 thrashing horrors (Lair:5)
  14 hell knights
  3 sun demons (Depths:2)
  Amaemon (Lair:1)
  11 skeletal warriors
  5 iron trolls
  A sun moth (Spider:3)
  3 shadow wraiths (WizLab)
  A spectral spark wasp (WizLab)
  2 pharaoh ants
  4 flayed ghosts
  48 deep trolls
  12 orb spiders
  2 glowing orange brains
  12 sea snakes
  7 lindwurms
  2 phantasmal warriors (WizLab)
  6 steelbarb worms
  A spectral wolf spider (WizLab)
  14 ironbound convokers
  2 necromancers (Depths:2)
  A deep elf pyromancer (D:13)
  13 wizards
  21 harpies
  15 fauns
  A spectral spriggan (WizLab)
  35 ugly things
  3 orc knights
  An oklob plant (Gauntlet)
  An orc sorcerer (Orc:2)
  9 wolf spiders
  4 moths of wrath
  9 manticores
  17 elephants
  A cyclops (D:15)
  4 black mambas
  Joseph (D:10)
  9 merfolk sirens
  2 guardian serpents (Desolation)
  Maurice (D:8)
  46 slime creatures
  17 vault sentinels
  Maggie (D:8)
  2 ice statues (IceCv)
  A gargoyle (D:13)
  2 molten gargoyles (Desolation)
  9 cane toads
  4 water nymphs
  An orange demon (Lair:1)
  4 smoke demons
  2 torpor snails
  An unseen horror (D:11)
  A freezing wraith (Vaults:4)
  A hellion (Depths:2)
  8 rime drakes
  6 demonic crawlers
  A tengu conjurer (D:13)
  A spectral harpy (WizLab)
  2 ice devils (Lair:3)
  8 komodo dragons
  19 yaktaurs
  An ancient zyme (Lair:5)
  18 merfolk
  A queen bee (shapeshifter) (Lair:5)
  A wind drake (Shoals:4)
  12 meliai
  A wind drake (shapeshifter) (D:13)
  8 trolls
  5 polar bears
  3 hornets
  Prince Ribbit (D:7)
  37 saltlings
  A spriggan zombie (WizLab)
  22 tarantellas
  26 blink frogs
  A raiju (shapeshifter) (D:14)
  24 jumping spiders
  9 snapping turtles
  12 flying skulls
  A centaur simulacrum (D:11)
  An air elemental (D:15)
  12 culicivoras
  2 ynoxinuls (Lair:5)
  3 spriggans
  3 vampires (Vaults:2)
  23 water elementals
  7 wyverns
  9 basilisks
  46 yaks
  A chaos spawn (Lair:5)
  3 wraiths
  Grum (D:11)
  A death yak simulacrum (IceCv)
  3 vampire mosquitoes (D:13)
  47 redbacks
  A warg (shapeshifter) (D:13)
  7 wargs
  3 acid dragons
  17 water moccasins
  A floating eye (Depths:1)
  A black bear (shapeshifter) (Lair:5)
  2 ice beasts
  22 orc warriors
  4 sky beasts (D:15)
  30 wolves
  A boggart (Vaults:1)
  7 ogres
  20 centaurs
  2 lemures (D:4)
  A phantom (D:7)
  6 kobold brigands
  3 necrophages
  18 bullfrogs
  3 gnoll sergeants
  7 scorpions
  15 wights
  2 elephant simulacra (IceCv)
  6 killer bees (D:8)
  4 electric eels
  8 howler monkeys
  5 hounds
  14 orc priests
  A gnoll bouda (D:7)
  3 jellies
  5 iguanas
  8 small abominations (Lair:5)
  24 orc wizards
  15 gnolls
  8 adders
  A shadow imp (Gauntlet)
  6 white imps
  An ufetubus (D:11)
  2 adder zombies (Ossuary)
  2 worms
  4 dart slugs
  71 orcs
  7 endoplasms
  2 giant cockroaches (Lair:2)
  5 hobgoblins
  5 quokkas
  3 ball pythons
  2 ball python skeletons (Ossuary)
  7 bats
  4 frilled lizards
  5 goblins
  A hobgoblin zombie (Ossuary)
  15 kobolds
  2 orc skeletons (Ossuary)
  An orc zombie (Ossuary)
  6 rats
  A bush (Depths:3)
  2 tentacles (Shoals:3)
1530 creatures vanquished.

Vanquished Creatures (collateral kills)
  Rupert (Orc:2)
  2 ancient champions (WizLab)
  A sphinx (Vaults:2)
  2 revenants (WizLab)
  An emperor scorpion (Spider:4)
  An imperial myrmidon (Desolation)
  A frost giant (Depths:3)
  2 vault wardens
  A stone giant (Depths:3)
  2 ironbound preservers (Vaults:1)
  A very ugly thing (Depths:1)
  A vampire knight (Depths:3)
  A dire elephant (Vaults:2)
  An eidolon (WizLab)
  2 spectral quicksilver dragons (WizLab)
  An ettin (Depths:2)
  4 ragged hierophants
  A servant of whispers (Desolation)
  An ice dragon (Depths:2)
  A vault guard (Vaults:4)
  A merfolk avatar (Shoals:4)
  A boulder beetle (Vaults:2)
  2 tengu warriors
  A death yak (Lair:5)
  A vampire mage (Vaults:2)
  A radroach (Lair:2)
  A deep troll shaman (Depths:3)
  A sun demon (Depths:2)
  A skeletal warrior (D:14)
  A pharaoh ant (Spider:2)
  3 deep trolls (Vaults:1)
  2 wizards
  An orb spider (Spider:3)
  A lindwurm (Vaults:1)
  3 harpies (Shoals:3)
  3 phantasmal warriors (WizLab)
  3 steelbarb worms
  6 fauns
  7 wolf spiders
  7 ugly things
  3 orc sorcerers
  A manticore (Shoals:2)
  An elephant (shapeshifter) (D:14)
  4 elephants (Lair:5)
  2 merfolk sirens
  A guardian serpent (Desolation)
  2 slime creatures (D:14)
  2 water nymphs
  A vault sentinel (Vaults:4)
  2 cane toads (Lair:5)
  A torpor snail (Lair:5)
  A yaktaur (Vaults:4)
  3 merfolk
  3 meliai
  2 wind drakes
  9 saltlings
  2 tarantellas
  A snapping turtle (Shoals:4)
  7 jumping spiders
  3 flying skulls (WizLab)
  A small abomination (Lair:5)
  A water elemental (Shoals:4)
  2 wraiths
  2 culicivoras (Spider:1)
  A yak (D:11)
  A vampire mosquito (D:13)
  14 redbacks
  A warg (Orc:2)
  A water moccasin (Lair:5)
  A large abomination (Lair:5)
  8 orc warriors
  A howler monkey (Vaults:1)
  4 orc priests (Orc:2)
  2 orc wizards
  3 shadow imps (Gauntlet)
  2 white imps (Gauntlet)
  7 orcs (Orc:2)
  3 ball lightnings
181 creatures vanquished.

Vanquished Creatures (others)
  An ironbound preserver (Vaults:1)
  A jiangshi (Depths:3)
  A deep troll (Vaults:1)
  A water elemental (Shoals:4)
  196 ball lightnings
  37 fungi
  217 plants
  6 tentacles
460 creatures vanquished.

Grand Total: 2171 creatures vanquished

Table legend: (Time is in decaauts)
 A = Elapsed time spent in this place.
 B = Non-inter-level travel time spent in this place.
 C = Inter-level travel time spent in this place.
 D = Time resting spent in this place.
 E = Time spent auto-exploring this place.
 F = Levels seen in this place.
 G = Mean time per level.
                   A        B        C        D        E       F      G
               +--------+--------+--------+--------+--------+-----+--------+
         Total |  80505 |  75711 |   4794 |  23437 |  38704 |  45 | 1789.0 |
       Dungeon |  22919 |  21544 |   1375 |   4800 |  13679 |  15 | 1527.9 |
        Temple |    122 |    101 |     21 |      0 |     89 |   1 |  122.0 |
          Lair |  11992 |  11069 |    923 |   2374 |   7073 |   5 | 2398.4 |
        Shoals |   8091 |   7604 |    487 |   2866 |   3690 |   4 | 2022.8 |
   Spider Nest |   7594 |   7034 |    560 |   2566 |   3253 |   4 | 1898.5 |
  Orcish Mines |   2435 |   2267 |    168 |    269 |   1523 |   2 | 1217.5 |
        Vaults |  11610 |  10916 |    694 |   4098 |   4339 |   4 | 2902.5 |
        Depths |   8224 |   7662 |    562 |   2867 |   3158 |   4 | 2056.0 |
        Bazaar |    130 |    130 |      0 |      0 |     94 |   1 |  130.0 |
       Ossuary |    662 |    662 |      0 |    356 |    144 |   1 |  662.0 |
      Ice Cave |    780 |    780 |      0 |    490 |    105 |   1 |  780.0 |
        Wizlab |   2422 |   2422 |      0 |   1385 |    499 |   1 | 2422.0 |
    Desolation |   2462 |   2462 |      0 |    993 |    744 |   1 | 2462.0 |
      Gauntlet |   1057 |   1057 |      0 |    367 |    308 |   1 | 1057.0 |
               +--------+--------+--------+--------+--------+-----+--------+

Top non-repeatable levels by time:
Vaults:1: 3976 daAuts
Depths:2: 3944 daAuts
Vaults:3: 3101 daAuts
  Lair:2: 2912 daAuts
Shoals:3: 2816 daAuts
Spider:3: 2766 daAuts
Depths:1: 2746 daAuts
  Lair:5: 2740 daAuts
  Lair:4: 2654 daAuts
    D:14: 2639 daAuts
    D:10: 2465 daAuts
Desolation: 2462 daAuts
  WizLab: 2422 daAuts
Vaults:4: 2402 daAuts
Shoals:4: 2285 daAuts

Table legend:
 A = Non-vault XP
 B = Vault XP
 C = Vault XP percentage of total XP
 D = Non-vault monster count
 E = Vault monster count
 F = Vault count percentage of total count
                 A         B        C        D         E       F
            +---------+---------+-------+---------+---------+-------
      Total |  408592 |  350263 |  46.2 |    1049 |     658 |  38.5
            +---------+---------+-------+---------+---------+-------
        D:1 |      31 |       0 |   0.0 |      20 |       0 |   0.0
        D:2 |      72 |      13 |  15.3 |      23 |       7 |  23.3
        D:3 |       3 |       0 |   0.0 |       2 |       0 |   0.0
        D:4 |     263 |       0 |   0.0 |      18 |       0 |   0.0
        D:5 |     848 |     229 |  21.3 |      11 |       8 |  42.1
        D:6 |     763 |       3 |   0.4 |      24 |       1 |   4.0
        D:7 |    1127 |     268 |  19.2 |      21 |       1 |   4.5
        D:8 |    2450 |    2449 |  50.0 |      23 |      10 |  30.3
        D:9 |    1473 |       0 |   0.0 |      29 |       0 |   0.0
       D:10 |    1999 |    2787 |  58.2 |      11 |      12 |  52.2
       D:11 |    3516 |    2704 |  43.5 |      32 |      32 |  50.0
       D:12 |    6677 |     795 |  10.6 |      18 |       1 |   5.3
       D:13 |    8621 |       0 |   0.0 |      32 |       0 |   0.0
       D:14 |   16697 |    1251 |   7.0 |      37 |       3 |   7.5
       D:15 |    6417 |    5168 |  44.6 |      16 |      11 |  40.7
     Lair:1 |    6243 |    2651 |  29.8 |      25 |       3 |  10.7
     Lair:2 |   10178 |     418 |   3.9 |      40 |       8 |  16.7
     Lair:3 |    5890 |    2314 |  28.2 |      26 |       5 |  16.1
     Lair:4 |   10776 |    3201 |  22.9 |      39 |       7 |  15.2
     Lair:5 |   15646 |   10638 |  40.5 |      45 |      37 |  45.1
   Shoals:1 |    7857 |       0 |   0.0 |      17 |       0 |   0.0
   Shoals:2 |    9066 |    1366 |  13.1 |      16 |       1 |   5.9
   Shoals:3 |   18253 |       0 |   0.0 |      34 |       0 |   0.0
   Shoals:4 |   26898 |   27316 |  50.4 |      51 |      43 |  45.7
   Spider:1 |   16355 |       0 |   0.0 |      48 |       0 |   0.0
   Spider:2 |   11307 |    1923 |  14.5 |      33 |       1 |   2.9
   Spider:3 |   16071 |       0 |   0.0 |      40 |       0 |   0.0
   Spider:4 |   12094 |   19136 |  61.3 |      30 |      34 |  53.1
      Orc:1 |    1101 |       0 |   0.0 |       7 |       0 |   0.0
      Orc:2 |    1477 |    8269 |  84.8 |      13 |      69 |  84.1
   Vaults:1 |   20994 |   21606 |  50.7 |      34 |      37 |  52.1
   Vaults:2 |   27204 |   22602 |  45.4 |      41 |      33 |  44.6
   Vaults:3 |   11780 |    6678 |  36.2 |      23 |      12 |  34.3
   Vaults:4 |   27063 |   32791 |  54.8 |      44 |      41 |  48.2
   Depths:1 |   34553 |       0 |   0.0 |      49 |       0 |   0.0
   Depths:2 |   31541 |   32543 |  50.8 |      39 |      31 |  44.3
   Depths:3 |   25758 |   43124 |  62.6 |      26 |      37 |  58.7
   Depths:4 |    9530 |   15779 |  62.3 |      12 |      14 |  53.8
    Ossuary |       0 |     569 | 100.0 |       0 |      12 | 100.0
      IceCv |       0 |    2187 | 100.0 |       0 |       7 | 100.0
     WizLab |       0 |   40209 | 100.0 |       0 |      52 | 100.0
 Desolation |       0 |   35139 | 100.0 |       0 |      72 | 100.0
   Gauntlet |       0 |    4137 | 100.0 |       0 |      16 | 100.0
            +---------+---------+-------+---------+---------+-------
